Dins, lawful male dwarven Archeologist --------- ---------- |.?......| |.....$..| |<.......-# ------- ------------ |........| |.......$|# |..$..-## |.....[.....######.........| --------- # |.%.!.|####`######## |..........|# -----.---- # ---..--#### ---.--# |........... ## # #### # % |....|# |..........| # # # ###|..>.|# ---.-------- ### # ### #.!...|## ## # # # |....|# # ### # ### |....|# # # # # # # |....|#####%## ### ### ##### ------ ### -----|-+-- # #-.-------- # |........| # #|........| ###.........| ----)--+-------- #|.....`..| #-........| |....@.........| #-........| |.`......| +..............| |........| ---------- |......!.......| ---------- ---------------- Dins the Digger Experience level: 2 Strength: 13 Dexterity: 7 Constitution: 13 Intelligence: 16 Wisdom: 16 Charisma: 10 Health: 17(25) Energy: 3(3) Def: 1 Gold: 97 Moves: 187 Dungeon seed: l8qzhJ6BD3QI6Nh8 Game ID: Dins_1528902782 Your Inventory: Coins $ - 97 gold pieces Weapons a - an uncursed +2 bullwhip h - an uncursed +0 boomerang (in quiver) Armor e - an uncursed +0 leather jacket (being worn) n - an uncursed +0 fedora (being worn) Comestibles b - 3 uncursed food rations Wands d - an uncursed wand of light (0:12) Tools c - an uncursed +0 pick-axe (weapon in hand) f - an uncursed sack g - an uncursed tin opener Gems q - an uncursed touchstone Spells and supernatural/magical abilities: Name Level Category Fail Memory W - pray for help -- divine ? -- Your skills at the end: Miscellaneous Skills wands [Basic] Weapon Skills pick-axe [Basic] boomerang [Basic] whip [Basic] Spellcasting Skills Final Attributes: You were fervently aligned. You were stunned. You had infravision. You were very stealthy. You were fast. You survived. Vanquished creatures: a large kobold a hobgoblin a giant rat a newt 3 grid bugs 2 lichens 9 creatures vanquished. Voluntary challenges: You went without food. You did not adorn yourself with jewelry or accessories. You did not cause conflict. You were not invisible. You did not have reflection. You were not displaced. You were an atheist. You used a wielded weapon 13 times, starting on turn 12. You did not use containers. You did not apply a unicorn horn. You did not use plumbed fixtures. You did not drink any magical draughts. You were illiterate. You never genocided any monsters. You never polymorphed an object. You never changed form. You used no wishes. You never split a pudding. You never wrote Elbereth's name. You never violated your personal moral code. Dungeon overview: The Dungeons of Doom: levels 1 to 4 Level 1 a long staircase Level 2 an altar to Quetzalcoatl, a fountain Level 3 Level 4 <- You were here History has recorded: On T:1 you entered the Dungeons of Doom to retrieve the Amulet of Yendor! On T:6 you reached level 2 of The Dungeons of Doom. On T:11 you reached level 3 of The Dungeons of Doom. On T:17 you reached level 4 of The Dungeons of Doom. On T:69 you advanced to experience level 2. Score breakdown: Gold: 97 ( 9 points) Experience: 2 levels ( 100 points) Exploration: 4 levels ( 90 points) Discoveries: 0 items ( 0 points) Variety of kills: 6 monsters ( 300 points) Major goal: (nothing yet) ( 0 points) Survival: quit (score multiplied by 3) Total score: 1497 Latest messages: You succeed in cutting away some rock. The door opens. There are a few objects here. You see here a lichen corpse. You see here a clear potion. There are a few objects here. There are a few objects here. The acid blob bumps right into you! You start digging. You hit the rock with all your might. You make an opening in the wall. You swing your pick-axe through thin air. You start digging. You hit the rock with all your might. You make an opening in the wall. You start digging. You hit the rock with all your might. You break through a secret door! KABOOM!! The door was booby-trapped! You stop digging. You stagger... You hit the large kobold. (2x) You kill the large kobold! There is a doorway here. You see here 3 darts. Final status: Goodbye Dins the Archeologist, quit... You quit in The Dungeons of Doom on dungeon level 4 with 1497 points, and 97 pieces of gold, after 187 moves. You were level 2 with a maximum of 25 hit points when you quit.